 Dungeon Crawl Stone Soup version 0.32-a0-558-g233958a4c4 (webtiles) character file.

Game seed: 2791575524507370751

3964 alantwelve the Basher (level 10, -5/86 HPs)
             Began as a Minotaur Gladiator on Feb 19, 2024.
             Was a Priest of Okawaru.
             Shot with a sling bullet by Joseph (16 damage)
             ... on level 8 of the Dungeon on Feb 29, 2024.
             The game lasted 01:08:03 (6675 turns).

alantwelve the Basher (Minotaur Gladiator)          Turns: 6675, Time: 01:08:04

Health: -5/86      AC:  8    Str: 21    XL:     10   Next: 2%
Magic:  9/9        EV: 34    Int:  5    God:    Okawaru [***...]
Gold:   308        SH:  0    Dex: 14    Spells: 8/9 levels left

rFire   . . .        x - +4 spear
rCold   . . .        (no shield)
rNeg    + . .        D - +1 robe {rN+}
rPois   .            c - +0 hat
rElec   .            (no cloak)
rCorr   .            (no gloves)
SInv    .            R - +0 pair of boots
Will    .....        N - amulet of the acrobat
Stlth   ++           h - +5 ring of evasion
HPRegen 0.34/turn    o - +4 ring of protection
MPRegen 0.11/turn

%: acrobat
@: acrobatic
A: horns 2, retaliatory headbutt
a: Renounce Religion, Heroism


You were on level 8 of the Dungeon.
You worshipped Okawaru.
Okawaru was most pleased with you.
You visited 2 branches of the dungeon, and saw 10 of its levels.

You collected 308 gold pieces.

Inventory:

Hand Weapons
 a - a +0 trident of freezing
 g - a +3 morningstar
 i - a +2 dagger of freezing
 k - a +0 short sword of venom
 n - a +0 whip of draining
 q - a +4 morningstar of holy wrath
 v - a +5 dire flail
 w - a +2 battleaxe
 x - a +4 spear (weapon)
 y - a +4 scimitar of freezing
 z - a +2 long sword
 C - a +2 whip of freezing
 F - a +2 heavy halberd
 K - a +2 trident of draining
Missiles
 d - 3 throwing nets
 e - a javelin
 t - 3 boomerangs (quivered)
 A - 4 darts of dispersal
Armour
 b - a +0 leather armour
 c - a +0 hat (worn)
 D - a +1 robe of positive energy (worn)
 J - an orb of guile
 R - a +0 pair of boots (worn)
Jewellery
 h - a +5 ring of evasion (left hand)
 o - a +4 ring of protection (right hand)
 u - a ring of protection from cold
 G - a +4 ring of protection
 N - an amulet of the acrobat (around neck)
Wands
 p - a wand of acid (8)
 E - a wand of flame (17)
 I - a wand of iceblast (9)
Scrolls
 m - a scroll of vulnerability
 H - a scroll of teleportation
 M - a scroll of torment
 O - 2 scrolls of blinking
 P - a scroll of butterflies {unknown}
 Q - a scroll of immolation
Potions
 f - 4 potions of brilliance
 j - a potion of curing
 l - a potion of resistance
 r - a potion of cancellation
 s - a potion of haste {unknown}
 B - a potion of mutation {unknown}
 L - a potion of magic {unknown}


   Skills:
 + Level 7.2 Fighting
 + Level 6.0 Long Blades
 + Level 10.1 Maces & Flails
 + Level 5.6 Polearms
 + Level 4.1 Throwing
 + Level 3.4 Armour
 + Level 6.4 Dodging
 + Level 3.2 Stealth
 + Level 0.4 Evocations


You had 8 spell levels left.
You knew the following spells:

 Your Spells              Type           Power      Damage    Failure   Level
a - Sandblast             Erth           0%         2d4       47%         1

Your spell library contained the following spells:

 Spells                   Type           Power      Damage    Failure   Level
 Magic Dart               Conj           0%         1d3       47%         1
 Blink                    Tloc           0%         N/A       63%         2
 Scorch                   Fire           0%         2d5       63%         2
 Passwall                 Erth           0%         N/A       85%         3
 Stone Arrow              Conj/Erth      0%         3d7       85%         3
 Brom's Barrelling Bould  Conj/Erth      0%         2d3       99%         4
 Flame Wave               Conj/Fire      0%         2d4       99%         4
 Leda's Liquefaction      Alch/Erth      0%         N/A       99%         4
 Lee's Rapid Deconstruct  Erth           0%         3d4*      100%        5
 Bombard                  Conj/Erth      0%         9d1       100%        6
 Call Imp                 Summ           Unusable   N/A       N/A         2
 Summon Cactus Giant      Summ           Unusable   N/A       N/A         6

Dungeon Overview and Level Annotations

Branches:
Dungeon (9/15)             Temple (1/1) D:4
   Lair: D:8-11         Orc: D:9-12

Altars:
Ashenzari
Cheibriados
Elyvilon
Fedhas
Kikubaaqudgha
Makhleb
Nemelex Xobeh
Okawaru
Qazlal
Ru
Trog
Vehumet
Wu Jian
Yredelemnul
Zin
The Shining One

Shops:
D:6 [

Annotations:
D:8 Joseph


Innate Abilities, Weirdness & Mutations

You have a pair of horns on your head.
You reflexively headbutt those who attack you in melee.


Message History

You reach to attack!
The helpless Joseph fails to defend himself.
You hit Joseph.
Joseph is lightly wounded.
You hit Joseph.
Joseph is lightly wounded.
Joseph hits you with a +2 spectral quarterstaff!
The +2 spectral quarterstaff hits you.
A +2 spectral quarterstaff comes into view.
You hit Joseph. You headbutt Joseph.
Joseph is lightly wounded.
You barely miss Joseph.
Joseph is lightly wounded.
Joseph closely misses you.
The +2 spectral quarterstaff completely misses you.
You closely miss Joseph. Your headbutt misses Joseph.
Joseph is lightly wounded.
Joseph says, "I've waited for this moment for such a long time."
Joseph hits you with a +2 spectral quarterstaff!
The +2 spectral quarterstaff hits you!
You feel better.
Joseph hits you with a +2 spectral quarterstaff!
The +2 spectral quarterstaff hits you!
* * * LOW HITPOINT WARNING * * *
You hit Joseph. You headbutt Joseph, but do no damage.
Joseph is lightly wounded.
Joseph hits you with a +2 spectral quarterstaff!
* * * LOW HITPOINT WARNING * * *
The +2 spectral quarterstaff barely misses you.
Blink to where?
Press: ? - help, Q - select action, (/) - cycle Dir - move target, p - Joseph
Found a scroll of brand weapon.
As you read the scroll of blinking, it crumbles to dust.
Joseph unwields a +2 spectral quarterstaff.
Joseph wields a +0 sling.
Joseph shoots a sling bullet.
The sling bullet completely misses you.
You see here a scroll of brand weapon.
Joseph shoots a sling bullet.
The sling bullet completely misses you.
Joseph shoots a sling bullet.
The sling bullet hits you!
You die...

.....### .......##
###### .###.#..# .....##
.#..@..?#
####..###..#.#...#
#........#####..#
#........###.#..#
##...............#
...).(..@.....##@#
#........#..#...........
##!......##...##...###..
.........##.#.###..#≈#..
.....######. .. ..###..
.#.#.# . ....... ......
####### .#.#.. ......


You could see Joseph.

Vanquished Creatures
  Pikel (D:6)
  Jeremiah (D:6)
  Grinder (D:3)
  Sigmund (D:3)
  A wyvern (D:5)
  Eustachio (D:6)
  Menkaure (D:5)
  An orc warrior (D:7)
  An ice beast (D:5)
  4 ogres
  A centaur (D:5)
  A phantom (D:6)
  A lemure (D:6)
  Blork the orc (D:6)
  3 scorpions
  A gnoll sergeant (D:7)
  4 wights (D:6)
  2 howler monkeys
  2 bombardier beetles
  2 jellies
  4 orc priests
  4 hounds
  2 gnoll boudas (D:6)
  3 iguanas
  13 orc wizards
  3 adders
  14 gnolls
  2 white imps
  7 dart slugs
  A ribbon worm (D:2)
  34 orcs
  7 bats
  7 endoplasms
  2 giant cockroaches (D:1)
  6 goblins
  6 hobgoblins
  3 jackals (D:1)
  5 quokkas
  5 ball pythons
  3 frilled lizards (D:3)
  7 kobolds
  5 rats
174 creatures vanquished.

Vanquished Creatures (others)
  An orc wizard (D:7)
1 creature vanquished.

Grand Total: 175 creatures vanquished

Notes
Turn   | Place    | Note
-------+----------+-------------------------------------------
     0 | D:1      | alantwelve the Minotaur Gladiator began the quest for the
                  | Orb.
     0 | D:1      | Reached XP level 1. HP: 18/18 MP: 0/0
    77 | D:1      | Reached XP level 2. HP: 25/25 MP: 1/1
   298 | D:1      | Reached XP level 3. HP: 30/30 MP: 2/2
  1097 | D:2      | Reached XP level 4. HP: 36/37 MP: 3/3
  1186 | D:2      | Reached skill level 1 in Armour
  1470 | D:2      | Found a faded altar of an unknown god.
  1672 | D:3      | Reached skill level 5 in Polearms
  1865 | D:3      | Reached XP level 5. HP: 43/45 MP: 4/4
  1871 | D:3      | Reached skill level 1 in Maces & Flails
  1909 | D:3      | Found a snail-covered altar of Cheibriados.
  1909 | D:3      | Noticed Grinder
  1929 | D:3      | Killed Grinder
  1930 | D:3      | Reached skill level 3 in Maces & Flails
  1930 | D:3      | Reached skill level 1 in Stealth
  1930 | D:3      | Reached XP level 6. HP: 21/52 MP: 5/5
  2073 | D:3      | Found a blossoming altar of Fedhas.
  2261 | D:3      | Noticed Sigmund
  2266 | D:3      | Killed Sigmund
  2267 | D:3      | Reached skill level 4 in Maces & Flails
  2267 | D:3      | Reached XP level 7. HP: 51/59 MP: 6/6
  2420 | D:3      | You fall into a shaft and drop 1 floor!
  2551 | D:4      | Reached skill level 5 in Maces & Flails
  2655 | D:5      | Entered Level 5 of the Dungeon
  2793 | D:4      | Found a staircase to the Ecumenical Temple.
  2804 | Temple   | Entered the Ecumenical Temple
  2826 | Temple   | Became a worshipper of Warmaster Okawaru
  2913 | D:4      | Found a glowing golden altar of the Shining One.
  2918 | D:4      | Found a sacrificial altar of Ru.
  2943 | D:4      | Reached skill level 6 in Maces & Flails
  3494 | D:5      | Reached skill level 7 in Maces & Flails
  3494 | D:5      | Reached XP level 8. HP: 67/67 MP: 7/7
  3584 | D:5      | Reached * piety under Okawaru
  3585 | D:5      | Reached skill level 5 in Fighting
  3605 | D:5      | Reached skill level 8 in Maces & Flails
  3742 | D:6      | Noticed Eustachio
  3816 | D:5      | Noticed Menkaure
  3819 | D:5      | Killed Menkaure
  3871 | D:6      | Noticed Pikel
  3871 | D:6      | Noticed Blork the orc
  3885 | D:5      | Reached skill level 5 in Dodging
  3941 | D:5      | Reached skill level 9 in Maces & Flails
  4014 | D:5      | Upgraded the game from 0.32-a0-391-gce5c0aab1b to
                  | 0.32-a0-407-g4da7c8d6d1
  4234 | D:6      | Found Xefynuet's Antique Armour Emporium.
  4255 | D:6      | Killed Blork the orc
  4256 | D:6      | Reached XP level 9. HP: 11/75 MP: 8/8
  4388 | D:6      | Reached ** piety under Okawaru
  4596 | D:6      | Killed Pikel
  4597 | D:6      | Reached skill level 10 in Maces & Flails
  4772 | D:6      | Noticed Jeremiah
  5199 | D:6      | Killed Eustachio
  5276 | D:6      | Reached *** piety under Okawaru
  5344 | D:6      | Killed Jeremiah
  5444 | D:6      | Learned a level 1 spell: Sandblast
  5563 | D:7      | Reached skill level 5 in Long Blades
  5632 | D:7      | Upgraded the game from 0.32-a0-407-g4da7c8d6d1 to
                  | 0.32-a0-433-g08bcfe7efd
  5658 | D:7      | Upgraded the game from 0.32-a0-433-g08bcfe7efd to
                  | 0.32-a0-558-g233958a4c4
  5968 | D:7      | Reached XP level 10. HP: 84/86 MP: 9/9
  6636 | D:8      | Noticed a white ugly thing
  6644 | D:8      | Noticed Joseph
  6675 | D:8      | Shot with a sling bullet by Joseph

Illustrated notes

Levels and vault maps discovered:
D:1:      lightli_arrival_noodles, layout_basic, grunt_decor_mini_mirrors
D:2:      layout_basic, dreamdust_ecumenical_altar_sealed_demon
D:3:      layout_basic, mainiacjoe_overflow_two_lobes, uniq_grinder,
          uniq_sigmund
D:4:      layout_loops_ring, minitemple, minmay_temple_entry_statues_pillars
D:5:      layout_gridville, uniq_menkaure
D:6:      layout_basic, serial_shops, shop_fountains, st_stairs_12,
          uniq_eustachio, uniq_jeremiah, uniq_blork_the_orc, uniq_pikel
D:7:      layout_loops_cross
D:8:      minmay_general_purpose_star, layout_basic, serial_glass,
          glass_columns_a, glass_columns_a, feat_on_display,
          small_chamber_with_monster, nicolae_inconvenience_store, st_stairs_7,
          minmay_misc_feat_square, uniq_joseph
D:9:      layout_irregular_city, nicolae_sif_muna_condensation
Temple:   minmay_temple_bridge_abc

Skill      XL: |  1  2  3  4  5  6  7  8  9 10 |
---------------+-------------------------------+-----
Polearms       | 4 5 |  5.6
Dodging        | 4 5 6 |  6.4
Armour         | 1 2 3 |  3.4
Fighting       | 3 4 5 7 |  7.2
Maces & Flails | 3 4 7 9 10 | 10.1
Stealth        | 1 2 3 |  3.2
Long Blades    | 5 6 |  6.0
Throwing       | 4 |  4.1
Evocations     | |  0.4

Action                     |  1- 3 |  4- 6 |  7- 9 | 10-12 || total
---------------------------+-------+-------+-------+-------++-------
  Melee: Trident           |    82 |    27 |       |       ||   109
         Headbutt          |     6 |     9 |    57 |     3 ||    75
         Morningstar       |       |    39 |   103 |       ||   142
         Scimitar          |       |       |   111 |       ||   111
         Spear             |       |       |    42 |    12 ||    54
  Throw: Throwing net      |       |       |     6 |       ||     6
         Boomerang         |       |       |    33 |       ||    33
   Cast: Sandblast         |       |       |       |     1 ||     1
  Evoke: Wand              |       |       |     2 |       ||     2
    Use: Scroll            |     3 |     3 |    11 |     2 ||    19
         Potion            |       |       |     2 |     1 ||     3
   Stab: Sleeping          |     1 |     1 |     5 |     2 ||     9
 Armour: Leather armour    |    27 |    28 |    45 |       ||   100
         Robe              |       |       |    59 |     8 ||    67
  Dodge: Dodged            |    37 |    33 |   262 |     6 ||   338

Table legend: (Time is in decaauts)
 A = Elapsed time spent in this place.
 B = Non-inter-level travel time spent in this place.
 C = Inter-level travel time spent in this place.
 D = Time resting spent in this place.
 E = Time spent auto-exploring this place.
 F = Levels seen in this place.
 G = Mean time per level.
                   A        B        C        D        E       F      G
               +--------+--------+--------+--------+--------+-----+--------+
         Total |   6740 |   6330 |    410 |    202 |   4452 |  10 |  674.0 |
       Dungeon |   6696 |   6306 |    390 |    202 |   4452 |   9 |  744.0 |
        Temple |     43 |     23 |     20 |      0 |      0 |   1 |   43.0 |
               +--------+--------+--------+--------+--------+-----+--------+

Top non-repeatable levels by time:
     D:6: 1501 daAuts
     D:7: 1009 daAuts
     D:3: 855 daAuts
     D:1: 840 daAuts
     D:5: 831 daAuts
     D:2: 829 daAuts
     D:4: 663 daAuts
     D:8: 164 daAuts
  Temple: 43 daAuts
     D:9: 1 daAuts
